Map: 2000 Atmospheres LE

Players

Reynor - Winner!

  • Race: Zerg Zerg

Trap

  • Race: Protoss Protoss

Event: TSL 7

VOD

Have the link to the VOD?

Description

Time

  • Played on: June 27, 2021, 8:28 a.m.
  • Length: 18:39

All games in this series

Show
View Real Time Build Order
Export as new Build Order

Reynor Zerg - Winner!

Build Orders: Hatch First, Lurkers 

Get SALT Encoding   

  12  0:00  Drone  
  13  0:12  Overlord  
  13  0:16  Drone  
  14  0:30  Drone x2  
  16  0:49  Hatchery  
  15  0:51  Drone  
  15  0:55  Drone  
  17  0:59  Drone  
  18  1:10  Extractor  
  17  1:14  Spawning Pool  
  17  1:18  Drone  
  17  1:24  Drone  
  18  1:28  Drone  
  19  1:39  Drone  
  20  1:49  Overlord  
  20  2:01  Queen x2  
  20  2:02  Zergling x4  
  26  2:10  Drone  
  26  2:12  Drone  
  26  2:15  Metabolic Boost  
  28  2:21  Drone  
  29  2:23  Drone  
  30  2:36  Hatchery  
  29  2:39  Drone  
  29  2:44  Drone x2  
  32  2:49  Overlord  
  32  2:53  Queen  
  32  2:57  Drone  
  35  2:59  Drone  
  36  3:07  Overlord  
  36  3:09  Drone  
  36  3:12  Queen  
  39  3:13  Drone  
  39  3:15  Drone  
  39  3:17  Zergling x2  
  42  3:21  Overlord  
  42  3:25  Drone  
  42  3:27  Drone  
  44  3:31  Queen  
  44  3:33  Drone  
  47  3:39  Drone  
  48  3:43  Zergling x4  
  48  3:44  Drone x2  
  52  3:50  Overlord  
  52  3:52  Queen  
  52  3:53  Drone  
  55  3:57  Drone  
  55  4:02  Zergling x4  
  58  4:04  Overlord  
  58  4:09  Drone x3  
  61  4:10  Drone  
  61  4:14  Queen  
  61  4:15  Drone  
  65  4:17  Spore Crawler  
  65  4:19  Overlord  
  65  4:21  Drone  
  65  4:24  Overlord  
  65  4:27  Drone x2  
  66  4:32  Drone x2  
  66  4:33  Drone  
  66  4:37  Queen  
  69  4:39  Drone, Spore Crawler  
  69  4:45  Drone x2  
  69  4:46  Drone  
  69  4:49  Overlord  
  69  4:50  Lair  
  69  4:52  Extractor  
  71  4:55  Roach Warren  
  71  4:56  Drone x2  
  72  5:03  Drone x3, Queen  
  72  5:06  Zergling x4  
  78  5:08  Zergling x4  
  78  5:11  Overlord  
  78  5:12  Drone x2  
  83  5:14  Drone  
  83  5:17  Drone x3  
  86  5:22  Overlord  
  86  5:23  Extractor  
  86  5:24  Extractor, Drone  
  86  5:25  Drone  
  86  5:26  Drone  
  86  5:28  Evolution Chamber  
  86  5:29  Overlord  
  86  5:31  Drone x3  
  86  5:33  Drone  
  90  5:38  Extractor, Overlord  
  90  5:39  Extractor  
  90  5:40  Drone x2  
  90  5:42  Drone  
  91  5:44  Drone, Overlord  
  91  5:46  Overlord  
  94  5:51  Evolution Chamber  
  94  5:54  Evolution Chamber, Roach x3  
  96  5:58  Roach x3  
  96  6:00  Overlord  
  101  6:11  Zerg Missile Weapons Level 1, Roach x3  
  107  6:14  Roach x2  
  107  6:17  Overlord  
  112  6:19  Zergling x2  
  112  6:24  Drone x2  
  115  6:30  Overlord, Glial Reconstitution  
  115  6:34  Spore Crawler  
  115  6:36  Drone x3  
  115  6:38  Drone  
  115  6:39  Drone  
  119  6:44  Overlord  
  119  6:55  Roach x3  
  119  6:57  Overseer  
  119  7:00  Hatchery, Roach x3  
  130  7:06  Overlord  
  130  7:12  Infestation Pit  
  128  7:20  Roach x10  
  148  7:25  Overlord  
  148  7:34  Evolution Chamber  
  146  7:39  Drone x6  
  148  7:44  Overlord  
  148  7:46  Roach x3  
  148  7:47  Ravager x3  
  148  7:49  Hive  
  155  7:51  Overlord  
  155  7:56  Drone x7  
  162  8:03  Hydralisk Den  
  157  8:08  Ravager x3  
  157  8:11  Overlord, Roach  
  157  8:12  Roach x4  
  169  8:14  Ravager  
  169  8:15  Drone  
  169  8:16  Zerg Missile Weapons Level 2  
  169  8:19  Drone x4  
  175  8:21  Overlord  
  175  8:25  Drone x2  
  177  8:27  Extractor  
  177  8:28  Extractor  
  177  8:33  Spine Crawler, Spore Crawler  
  173  8:34  Ravager  
  173  8:40  Overlord  
  174  8:47  Drone  
  175  8:48  Lurker Den  
  175  8:51  Roach x7  
  175  8:52  Roach x4  
  194  8:57  Overlord  
  192  9:13  Viper x2  
  198  9:29  Zergling x32  
  197  9:34  Overlord  
  197  9:40  Muscular Augments  
  197  9:43  Hatchery  
  196  9:47  Overlord  
  196  9:51  Hydralisk x8  
  200  9:55  Overlord  
  184  10:01  Roach x3  
  184  10:02  Zergling x14, Roach  
  184  10:05  Hydralisk  
  173  10:12  Hydralisk x4  
  180  10:14  Roach x6  
  184  10:21  Roach x4  
  168  10:32  Roach x3  
  169  10:35  Roach x2  
  156  10:43  Seismic Spines  
  156  10:46  Drone x8, Queen  
  164  10:53  Lurker  
  164  10:54  Lurker x5  
  170  11:01  Drone x4  
  170  11:04  Lurker x2  
  176  11:12  Lurker x3  
  173  11:29  Drone x2  
  173  11:30  Drone x5  
  173  11:31  Queen  
  182  11:34  Hydralisk x5  
  192  11:46  Overseer  
  192  11:48  Hydralisk x3  
  192  11:49  Grooved Spines, Hydralisk  
  200  11:54  Overseer  
  195  12:10  Hydralisk x2  
  195  12:15  Overlord  
  199  12:19  Hydralisk x2  
  195  12:26  Zerg Missile Weapons Level 3  
  191  12:37  Extractor  
  191  12:40  Extractor  
  179  12:50  Hydralisk x4  
  179  12:51  Hydralisk x9  
  186  12:58  Drone x4, Queen  
  186  12:59  Drone x2  
  184  13:14  Roach x8  
  190  13:20  Adaptive Talons  
  184  13:30  Roach x7  
  184  13:31  Pneumatized Carapace, Overseer, Roach x2  
  199  14:05  Spire, Lurker x2  
  198  14:11  Spine Crawler  
  198  14:12  Spine Crawler  
  196  14:18  Roach x3  
  196  14:19  Roach  
  196  14:20  Hatchery, Overseer  
  199  14:34  Hydralisk x4  
  191  14:39  Hydralisk x8  
  187  14:49  Roach x6  
  193  15:04  Zerg Ground Armor Level 1  
  180  15:16  Hydralisk x13  
  180  15:18  Roach x4  
  152  15:29  Roach x4  
  152  15:34  Roach  
  160  15:40  Roach x4  
  168  15:43  Lurker x9  
  168  15:44  Lurker  
  168  15:46  Roach  
  168  15:49  Roach  
  182  15:52  Roach x3  
  182  15:56  Extractor  
  184  15:59  Roach  
  186  16:08  Roach x6  
  186  16:09  Roach  
  198  16:12  Extractor  
  197  16:20  Overseer x2  
  197  16:23  Hydralisk  
  195  16:27  Hatchery  
  195  16:31  Hydralisk x3  
  188  16:54  Hydralisk x14  
  193  17:04  Hydralisk x4  
  196  17:13  Extractor  
  195  17:19  Roach x2  
  195  17:43  Roach x10  
  197  17:50  Roach x4  
  199  17:55  Roach x3  
  194  18:02  Hatchery  
  187  18:12  Hydralisk x2  
  174  18:13  Hydralisk x8  
  174  18:15  Roach  
  174  18:18  Roach  
Show
View Real Time Build Order
Export as new Build Order

Trap Protoss 

Build Orders: 1 Gate Expand, Oracle Opening 

Get SALT Encoding   

  12  0:00  Probe  
  13  0:16  Pylon  
  13  0:17  Probe (Chrono Boost)  
  14  0:27  Probe (Chrono Boost)  
  15  0:32  Probe (Chrono Boost)  
  16  0:40  Gateway  
  16  0:43  Probe  
  16  0:49  Assimilator  
  17  0:56  Probe  
  18  1:08  Probe  
  19  1:20  Probe  
  19  1:25  Nexus  
  20  1:36  Cybernetics Core  
  20  1:39  Probe  
  21  1:46  Assimilator  
  21  1:51  Probe  
  22  1:54  Pylon  
  22  2:02  Probe  
  23  2:10  Probe, Stalker (Chrono Boost)  
  23  2:12  Warp Gate  
  26  2:19  Probe  
  27  2:31  Probe (Chrono Boost)  
  27  2:33  Stargate  
  27  2:36  Adept  
  30  2:38  Probe (Chrono Boost)  
  32  2:47  Probe x2 (Chrono Boost)  
  33  2:52  Probe (Chrono Boost)  
  33  2:53  Probe  
  35  3:04  Probe  
  36  3:05  Probe  
  36  3:06  Adept  
  39  3:13  Oracle (Chrono Boost)  
  39  3:18  Probe x2  
  44  3:21  Pylon  
  44  3:24  Gateway  
  44  3:30  Probe x2  
  46  3:34  Void Ray (Chrono Boost)  
  46  3:42  Probe x2  
  46  3:47  Pylon  
  52  3:54  Probe x2  
  53  4:12  Twilight Council  
  53  4:15  Nexus  
  53  4:17  Probe x2  
  55  4:18  Pylon  
  55  4:21  Adept x2  
  58  4:28  Gateway  
  58  4:32  Gateway  
  58  4:33  Probe x2  
  56  4:38  Assimilator  
  56  4:39  Resonating Glaives (Chrono Boost), Assimilator  
  56  4:43  Adept x2  
  60  4:54  Shield Battery  
  60  4:55  Probe x2  
  62  5:05  Adept x2  
  62  5:06  Pylon  
  66  5:12  Probe x2  
  68  5:18  Robotics Facility  
  68  5:27  Adept x4  
  76  5:32  Probe x2 (Chrono Boost)  
  76  5:34  Probe (Chrono Boost)  
  81  5:45  Probe (Chrono Boost)  
  81  5:46  Probe x2 (Chrono Boost)  
  81  5:49  Adept x4  
  90  5:52  Probe  
  90  5:54  Probe x2  
  93  5:59  Pylon  
  93  6:01  Pylon  
  93  6:17  Probe x3  
  93  6:18  Blink (Chrono Boost)  
  94  6:22  Sentry x4  
  102  6:26  Gateway, Immortal (Chrono Boost)  
  102  6:28  Gateway  
  102  6:29  Probe x2  
  102  6:31  Pylon  
  108  6:33  Pylon  
  108  6:34  Probe  
  108  6:39  Assimilator  
  109  6:41  Assimilator  
  109  6:43  Pylon  
  109  6:49  Probe x2  
  109  6:50  Pylon  
  111  6:56  Shield Battery  
  111  6:57  Shield Battery  
  111  6:59  Stalker x3  
  111  7:00  Stalker  
  119  7:04  Immortal (Chrono Boost)  
  123  7:14  Probe  
  123  7:15  Probe x2, Pylon  
  126  7:16  Pylon  
  126  7:18  Forge  
  126  7:29  Robotics Bay  
  126  7:31  Stalker x2  
  126  7:32  Stalker  
  132  7:38  Robotics Facility  
  126  7:46  Immortal (Chrono Boost), Stalker x3  
  126  7:48  Protoss Ground Weapons Level 1 (Chrono Boost)  
  132  7:58  Photon Cannon  
  132  8:02  Stalker x3  
  138  8:07  Pylon  
  138  8:11  Pylon  
  138  8:13  Pylon  
  138  8:16  Observer (Chrono Boost)  
  139  8:24  Gateway  
  139  8:27  Gateway, Nexus  
  139  8:28  Disruptor (Chrono Boost)  
  144  8:38  Pylon, Warp Prism (Chrono Boost)  
  144  8:40  Pylon  
  147  8:56  Disruptor (Chrono Boost)  
  147  8:59  Disruptor (Chrono Boost)  
  147  9:01  Photon Cannon  
  148  9:03  Photon Cannon  
  148  9:05  Charge  
  148  9:09  Templar Archives  
  148  9:20  Stalker x4  
  148  9:21  Stalker x2  
  159  9:36  Stalker x2  
  159  9:48  Stalker x2  
  159  9:49  Stalker x4  
  158  9:54  Probe x2  
  158  9:55  Probe x2  
  152  10:02  Stalker x2  
  152  10:14  Probe x4, Disruptor (Chrono Boost)  
  152  10:18  Disruptor (Chrono Boost)  
  158  10:26  Probe x2  
  124  10:43  Disruptor (Chrono Boost)  
  124  10:45  Disruptor (Chrono Boost)  
  124  10:46  Stalker x3  
  124  10:47  Stalker  
  134  10:50  Assimilator  
  134  10:53  Photon Cannon  
  134  10:56  Photon Cannon, Assimilator  
  134  10:57  Probe x4  
  138  11:04  Stalker x3  
  138  11:09  Probe x2  
  138  11:10  Probe  
  147  11:13  Disruptor (Chrono Boost)  
  147  11:16  Disruptor (Chrono Boost)  
  153  11:23  Psionic Storm  
  147  11:35  Photon Cannon, Zealot  
  147  11:36  Zealot x3  
  147  11:38  Protoss Ground Weapons Level 2 (Chrono Boost)  
  155  11:40  Zealot  
  155  11:41  Zealot  
  155  11:46  High Templar x2  
  161  12:01  Disruptor (Chrono Boost)  
  161  12:02  Disruptor (Chrono Boost)  
  167  12:11  Zealot x6  
  173  12:18  Shield Battery  
  163  12:23  Stalker  
  163  12:24  Stalker  
  175  12:39  Observer x2 (Chrono Boost)  
  163  12:49  Stalker x4  
  163  12:50  Stalker  
  166  12:54  Stargate  
  166  12:56  Pylon, Fleet Beacon  
  166  12:57  Immortal (Chrono Boost)  
  166  12:58  Immortal (Chrono Boost)  
  172  13:22  Zealot x2, Stalker x2  
  172  13:23  Zealot x3  
  184  13:32  Photon Cannon  
  184  13:33  Photon Cannon, Disruptor (Chrono Boost)  
  184  13:34  Immortal (Chrono Boost)  
  189  13:44  Mothership (Chrono Boost)  
  191  13:56  Zealot x4  
  197  14:17  Oracle  
  197  14:18  Protoss Ground Weapons Level 3 (Chrono Boost)  
  170  14:42  Disruptor (Chrono Boost)  
  166  14:45  Zealot x2  
  166  14:46  Zealot x4  
  166  14:51  Disruptor (Chrono Boost)  
  170  14:57  Nexus  
  177  15:00  Carrier x2  
  116  15:31  Immortal x2 (Chrono Boost)  
  122  15:40  High Templar x2  
  122  15:41  High Templar x4  
  134  15:45  Pylon  
  134  15:54  Nexus  
  134  15:55  Archon  
  134  16:01  Immortal (Chrono Boost)  
  134  16:02  Observer (Chrono Boost)  
  139  16:13  Photon Cannon  
  139  16:15  Shield Battery  
  139  16:18  Assimilator  
  139  16:19  Assimilator  
  139  16:32  Probe x3  
  140  16:41  Carrier  
  140  16:44  Probe x2  
  124  16:58  Disruptor (Chrono Boost)  
  124  16:59  Disruptor (Chrono Boost)  
  124  17:03  High Templar x3  
  124  17:04  Archon  
  136  17:14  Archon  
  136  17:15  High Templar x2, Zealot  
  140  17:24  Disruptor (Chrono Boost)  
  142  17:30  Probe x3  
  142  17:32  Probe  
  142  17:36  Archon  
  146  17:42  Probe x2  
  146  17:43  Zealot x2  
  146  17:44  Zealot x2  
  149  17:48  Zealot x2  
  149  17:49  Observer (Chrono Boost)  
  149  17:53  Immortal (Chrono Boost)  
  130  18:17  High Templar x2  
  130  18:18  Zealot x4  
Tags
 
Add a new tag
Caveats
  • Supply blocks, unpowered buildings, or Contaminate may cause inaccurate times.
  • Supply counts are checked every 10 seconds.